 Dungeon Crawl Stone Soup version 0.27.1-16-g815e20cd7a (webtiles) character file.

Game seed: 14502891321454502101

210 riftmaster1123 the Skirmisher (level 5, 0/42 HPs)
             Began as a Demonspawn Berserker on Nov 23, 2021.
             Was a Priest of Trog.
             Slain by a killer bee (5 damage)
             ... on level 4 of the Dungeon.
             The game lasted 00:12:43 (1876 turns).

riftmaster1123 the Skirmisher (DsBe)                Turns: 1876, Time: 00:12:45

Health: 0/42       AC:  6    Str: 18    XL:     5   Next: 57%
Magic:  5/5        EV: 17    Int:  8    God:    Trog [***...]
Gold:   92         SH:  0    Dex: 13    Spells: 4/4 levels left

rFire    + . .     SeeInvis .   g - +2 hand axe (elec)
rCold    x . .     Faith    .   (no shield)
rNeg     . . .     Spirit   .   l - +0 scale mail
rPois    .         Reflect  .   (no helmet)
rElec    .         Harm     .   (no cloak)
rCorr    .         Rampage  .   (no gloves)
Will     .....                  (no boots)
Stlth    ..........             (no amulet)
HPRegen  0.14/turn              e - +4 ring of evasion
MPRegen  0.09/turn              k - ring of fire

@: confused, lethally poisoned (0 -> -16), silenced, ambrosia-drunk
A: hooves 1, repulsion field 2, ignite blood 1
a: Renounce Religion


You were on level 4 of the Dungeon.
You worshipped Trog.
Trog was most pleased with you.
You visited 1 branch of the dungeon, and saw 4 of its levels.

You collected 92 gold pieces.

Inventory:

Hand Weapons
 g - a +2 hand axe of electrocution (weapon)
Armour
 l - a +0 scale mail (worn)
Jewellery
 e - a +4 ring of evasion (left hand)
 k - a ring of fire (right hand)
Scrolls
 d - a scroll of acquirement {unknown}
 f - a scroll of identify {unknown}
Potions
 b - a potion of ambrosia
 c - 2 potions of brilliance {unknown}
 i - a potion of mutation {unknown}


   Skills:
 + Level 3.8 Fighting
 + Level 1.8(3.0) Axes
 + Level 3.5(3.8) Polearms
 * Level 2.5 Armour
 * Level 2.8 Dodging
 + Level 1.0 Stealth


You had 4 spell levels left.
You didn't know any spells.
Your spell library was empty.

Dungeon Overview and Level Annotations

Branches:
Dungeon (4/15)
 Temple: D:4-7

Altars:
Fedhas
Sif Muna


Innate Abilities, Weirdness & Mutations

You have large cloven feet.
You are surrounded by a moderate repulsion field. (EV +3)
Your demonic aura sometimes causes spilled blood to erupt in flames.


Message History

* * * LOW HITPOINT WARNING * * *
The killer bee stings you but does no damage. x2
The killer bee misses you. The killer bee closely misses you.
It was a potion of curing.
You feel better. The killer bee misses you.
The killer bee barely misses you. x2
The killer bee stings you but does no damage.
The killer bee misses you. x2; The killer bee stings you.
You are poisoned.
The killer bee poisons you!
The killer bee stings you but does no damage.
You feel better. The killer bee stings you.
You are poisoned.
The killer bee poisons you! The killer bee closely misses you.
The killer bee misses you. The killer bee stings you.
The killer bee barely misses you. The killer bee stings you.
You are lethally poisoned!
The killer bee poisons you!
The killer bee stings you but does no damage.
The killer bee closely misses you.
Magic scrolls do not work when you're silenced!
It was a potion of ambrosia.
You are confused.
You feel invigorated.
You feel very sick. The killer bee stings you.
You are lethally poisoned!
The killer bee poisons you! The killer bee stings you!
* * * LOW HITPOINT WARNING * * *
The killer bee misses you.
The killer bee stings you but does no damage.
The killer bee barely misses you. The killer bee closely misses you. x2
The killer bee stings you but does no damage.
You closely miss the killer bee. You miss the killer bee. x3
* * * LOW HITPOINT WARNING * * *
You feel very sick. The killer bee misses you.
The killer bee barely misses you. The killer bee stings you.
* * * LOW HITPOINT WARNING * * *
The killer bee stings you.
You die...

# #. ##
#.### .
....# .
#.#.#
#.#.#.###
#.#.#...###
#(..#...<.#
###..#@y.###
#.[..yyy##
+...>...#
#.......#
#.......#
#.......#
#.......#
#.......#
#.......#


You could see 4 killer bees.

Vanquished Creatures
  A killer bee (D:4)
  An orc priest (D:3)
  A centaur skeleton (D:4)
  2 adders
  A white imp (D:3)
  A dart slug (D:1)
  7 orcs (D:3)
  9 ball pythons
  5 endoplasms
  3 giant cockroaches
  5 goblins
  7 hobgoblins
  10 jackals
  5 kobolds
  3 quokkas
  5 bats
  4 frilled lizards
  3 rats
73 creatures vanquished.

Notes
Turn   | Place    | Note
-------+----------+-------------------------------------------
     0 | D:1      | riftmaster1123 the Demonspawn Berserker began the quest for
                  | the Orb.
     0 | D:1      | Reached XP level 1. HP: 18/18 MP: 1/1
   203 | D:1      | Gained mutation: You have large cloven feet. [demonic
                  | ancestry]
   203 | D:1      | Reached XP level 2. HP: 24/24 MP: 2/2
   271 | D:1      | Found a faded altar of an unknown god.
   451 | D:1      | Reached ** piety under Trog
   665 | D:1      | Found a shimmering blue altar of Sif Muna.
   741 | D:2      | Gained mutation: Your demonic aura sometimes causes spilled
                  | blood to erupt in flames. [demonic ancestry]
   741 | D:2      | Reached XP level 3. HP: 29/29 MP: 3/3
  1409 | D:3      | Gained mutation: You are surrounded by a mild repulsion
                  | field. (EV +2) [demonic ancestry]
  1409 | D:3      | Reached XP level 4. HP: 29/36 MP: 4/4
  1434 | D:3      | Reached *** piety under Trog
  1544 | D:3      | Found a blossoming altar of Fedhas.
  1811 | D:3      | Reached skill level 1 in Axes
  1811 | D:3      | Reached skill level 1 in Stealth
  1811 | D:3      | Gained mutation: You are surrounded by a moderate repulsion
                  | field. (EV +3) [demonic ancestry]
  1811 | D:3      | Reached XP level 5. HP: 37/42 MP: 5/5
  1876 | D:4      | Slain by a killer bee

Illustrated notes

Levels and vault maps discovered:
D:1:      minmay_arrival_radiant_lines, layout_loops_ring,
          shapermc_ecumenical_altar_totnotflames, minmay_hexomino_r4
D:2:      layout_basic, minivault_26
D:3:      layout_loops_ring, lemuel_round_altar
D:4:      layout_basic, minmay_temple_entry_poolview, uniq_edmund

Skill      XL: |  1  2  3  4 |
---------------+-------------+-----
Polearms       | 3 |  3.5
Dodging        | 2 |  2.8
Armour         | 2 |  2.5
Axes           | 1 |  1.8
Stealth        | 1 |  1.0
Fighting       | |  3.8

Action                   |  1- 3 |  4- 6 || total
-------------------------+-------+-------++-------
Melee: Spear             |    95 |       ||    95
       Kick              |    19 |     7 ||    26
       Hand axe          |    27 |    40 ||    67
  Use: Scroll            |       |     3 ||     3
       Potion            |       |     4 ||     4
 Stab: Sleeping          |     1 |       ||     1
Armor: Animal skin       |    15 |     6 ||    21
       Scale mail        |       |    17 ||    17
Dodge: Dodged            |    82 |    86 ||   168
